 Dungeon Sprint DCSS version 0.31-a0-1074-g0b22e4e0f1 (webtiles) character file.

Game seed: 3803613406780207542

1920 tbh1313 the Bludgeoner (level 9, -11/132 HPs)
             Began as an Ogre Berserker on Nov 28, 2023.
             Was an Elder of Trog.
             Mangled by a centaur warrior (14 damage)
             ... in the Dungeon (Sprint I: "Red Sonja").
             The game lasted 00:02:51 (606 turns).

tbh1313 the Bludgeoner (Ogre Berserker)              Turns: 606, Time: 00:02:51

Health: -11/132    AC:  3    Str: 27    XL:     9   Next: 17%
Magic:  9/9        EV: 10    Int:  8    God:    Trog [****..]
Gold:   167        SH:  0    Dex:  8    Spells: 8/8 levels left

rFire   . . .        a - +1 giant club
rCold   . . .        (shield currently unavailable)
rNeg    . . .        b - +0 animal skin
rPois   .            (helmet restricted)
rElec   .            (no cloak)
rCorr   .            (gloves unavailable)
SInv    .            (boots unavailable)
Will    .....        (no amulet) Stlth
                     (no ring)
HPRegen 0.42/turn    (no ring)
MPRegen 0.11/turn

%: no teleportation
@: berserking, very quick
A: large, unfitting armour, tough skin 1
a: Renounce Religion, Berserk, Trog's Hand, Brothers in Arms


You were in the Dungeon.
You worshipped Trog.
Trog was greatly pleased with you.
You visited 1 branch You collected 405 gold pieces.
You spent 238 gold pieces at shops.

Inventory:

Hand Weapons
 a - a +1 giant club (weapon)
Armour
 b - a +0 animal skin (worn)
Wands
 d - a wand of polymorph (9)
 i - a wand of paralysis (8)
Scrolls
 h - a scroll of blinking
 j - a scroll of identify
 l - a scroll of enchant armour
Potions
 c - a potion of curing
 e - a potion of haste
 f - 2 potions of magic
 g - a potion of berserk rage


   Skills:
 * Level 5.0 Fighting
 - Level 18.0 Maces & Flails
 * Level 3.4 Dodging


You had 8 spell levels left.
You didn't know any spells.
Your spell library was empty.

Dungeon Overview and Level Annotations

Branches:
Dungeon (1/1)

Altars:
Cheibriados
Dithmenos
Elyvilon
Fedhas
Gozag
Hepliaklqana
Kikubaaqudgha
Makhleb
Nemelex Xobeh
Okawaru
Qazlal
Ru
Sif Muna
Trog
Uskayaw
Vehumet
Wu Jian
Xom
Yredelemnul
Zin
The Shining One
Jiyva
Lugonu

Shops:
D ?


Innate Abilities, Weirdness & Mutations

You are too large for most types of armour.
You have tough skin. (AC +1)


Message History

The centaur warrior kicks you but does no damage.
There is a broken door, spattered with blood here.
You sock the centaur warrior!
The centaur warrior is moderately wounded.
The centaur warrior hits you.
* * * LOW HITPOINT WARNING * * *
The centaur warrior kicks you but does no damage.
You closely miss the centaur warrior.
The centaur warrior barely misses you. x2
You bludgeon the centaur warrior!!
The centaur warrior is heavily wounded.
The centaur warrior barely misses you. The centaur warrior kicks you.
* * * LOW HITPOINT WARNING * * *
The centaur warrior hits you!
* * * LOW HITPOINT WARNING * * *
The centaur warrior kicks you.
* * * LOW HITPOINT WARNING * * *
You hit the centaur warrior.
The centaur warrior is heavily wounded.
The centaur warrior closely misses you. The centaur warrior kicks you.
* * * LOW HITPOINT WARNING * * *
You bludgeon the centaur warrior!!
You kill the centaur warrior!
Trog accepts your kill.
You can now call in reinforcements.
The centaur warrior hits you!
* * * LOW HITPOINT WARNING * * *
The centaur warrior kicks you.
* * * LOW HITPOINT WARNING * * *
Training target 18.0 for Maces & Flails reached!
Your Maces & Flails skill gained 2 levels and is now at level 18!
You need to enable at least one skill for training.
Your Fighting skill increases to level 5!
Your Dodging skill increases to level 3!
You have reached level 9!
Your experience leads to an increase in your attributes!
Increase (s)trength, (i)ntelligence, or (d)exterity?
You feel stronger. x3
You sock the centaur warrior!
The centaur warrior is heavily wounded.
The centaur warrior hits you!
You die...

##########################
#<.#..').#..'..#__#..')..#
#..)..#..)..#..)..'..#)..#
#..#####'#####@#__####...+
#..####..#...#c#### #####
#..#__####..##)#
#..#_____##'#§§§~§c§.+
#⌠⌠#_.∩...†..._#~§§cc#
####_..__##_.#§##+####
#_____###+#:# ####### ###


You could see a centaur warrior.

Levels and vault maps discovered:
D:        dungeon_sprint_1 [red_sonja_temple_1, red_sonja_temple_small_1]

Notes
Turn   | Place    | Note
-------+----------+-------------------------------------------
     0 | D        | tbh1313 the Ogre Berserker began the quest for the Orb.
     0 | D        | Reached XP level 1. HP: 24/24 MP: 1/1
     1 | D        | Noticed Ijyb
     4 | D        | Paralysed by Ijyb for 2 turns
    10 | D        | Killed Ijyb
    11 | D        | Reached skill level 6 in Maces & Flails
    11 | D        | Reached XP level 2. HP: 32/32 MP: 2/2
    11 | D        | Reached XP level 3. HP: 39/39 MP: 3/3
    62 | D        | Noticed an ogre
    68 | D        | Killed an ogre
    69 | D        | Reached skill level 9 in Maces & Flails
    69 | D        | Reached XP level 4. HP: 32/48 MP: 4/4
   154 | D        | Noticed Sigmund
   206 | D        | Killed Sigmund
   206 | D        | Reached ** piety under Trog
   207 | D        | Reached skill level 11 in Maces & Flails
   207 | D        | Reached XP level 5. HP: 39/54 MP: 5/5
   207 | D        | Reached XP level 6. HP: 45/62 MP: 6/6
   274 | D        | Found an ornate altar of the Wu Jian Council.
   274 | D        | Found a shimmering blue altar of Sif Muna.
   276 | D        | Found a radiant altar of Vehumet.
   280 | D        | Reached skill level 12 in Maces & Flails
   304 | D        | Found Wiemok's Magic Scroll Emporium.
   304 | D        | Found an ancient bone altar of Kikubaaqudgha.
   304 | D        | Found a hazy altar of Hepliaklqana.
   304 | D        | Found a stormy altar of Qazlal.
   304 | D        | Found a hide-covered altar of Uskayaw.
   304 | D        | Found a blossoming altar of Fedhas.
   304 | D        | Found a bloodstained altar of Trog.
   304 | D        | Found an iron altar of Okawaru.
   304 | D        | Found a basalt altar of Yredelemnul.
   304 | D        | Found a glowing golden altar of the Shining One.
   304 | D        | Found a snail-covered altar of Cheibriados.
   304 | D        | Found a sacrificial altar of Ru.
   304 | D        | Found a glowing silver altar of Zin.
   304 | D        | Found a shadowy altar of Dithmenos.
   304 | D        | Found a white marble altar of Elyvilon.
   304 | D        | Noticed a yak
   308 | D        | Killed a yak
   309 | D        | Reached skill level 13 in Maces & Flails
   309 | D        | Reached XP level 7. HP: 54/70 MP: 7/7
   360 | D        | Found an opulent altar of Gozag.
   361 | D        | Found a sparkling altar of Nemelex Xobeh.
   365 | D        | Bought a scroll of identify for 28 gold pieces
   365 | D        | Bought a scroll of enchant weapon for 105 gold pieces
   365 | D        | Bought a scroll of enchant armour for 105 gold pieces
   377 | D        | Found a viscous altar of Jiyva.
   377 | D        | Found a corrupted altar of Lugonu.
   377 | D        | Noticed a slime creature
   378 | D        | Found a burning altar of Makhleb.
   378 | D        | Found a shimmering altar of Xom.
   383 | D        | Killed a slime creature
   384 | D        | Reached skill level 14 in Maces & Flails
   510 | D        | Noticed a kobold demonologist
   510 | D        | Noticed a glass eye
   510 | D        | Noticed a kobold demonologist
   517 | D        | Killed a kobold demonologist
   517 | D        | Reached *** piety under Trog
   518 | D        | Reached skill level 15 in Maces & Flails
   518 | D        | Reached XP level 8. HP: 78/78 MP: 8/8
   528 | D        | Killed a kobold demonologist
   529 | D        | Reached skill level 16 in Maces & Flails
   536 | D        | Killed a glass eye
   536 | D        | Reached **** piety under Trog
   590 | D        | Noticed a centaur warrior
   591 | D        | Noticed a centaur warrior
   604 | D        | HP: 11/117 [centaur warrior (4)]
   605 | D        | Killed a centaur warrior
   605 | D        | HP: 3/117 [centaur warrior (8)]
   606 | D        | Reached skill level 18 in Maces & Flails
   606 | D        | Reached skill level 5 in Fighting
   606 | D        | Reached XP level 9. HP: 3/88 MP: 9/9
   606 | D        | Mangled by a centaur warrior

Table legend: (Time is in decaauts)
 A = Elapsed time spent in this place.
 B = Non-inter-level travel time spent in this place.
 C = Inter-level travel time spent in this place.
 D = Time resting spent in this place.
 E = Time spent auto-exploring this place.
 F = Levels seen in this place.
 G = Mean time per level.
                   A        B        C        D        E       F      G
               +--------+--------+--------+--------+--------+-----+--------+
         Total |    641 |    641 |      0 |    422 |      1 |   1 |  641.0 |
       Dungeon |    641 |    641 |      0 |    422 |      1 |   1 |  641.0 |
               +--------+--------+--------+--------+--------+-----+--------+

Top non-repeatable levels by time:
       D: 641 daAuts

Table legend:
 A = Kills in this place as a percentage of kills in the entire game.
 B = Kills by you in this place as a percentage of kills by you in the entire game.
 C = Kills by friends in this place as a percentage of kills by friends in the entire game.
 D = Other kills in this place as a percentage of other kills in the entire game.
 E = Experience gained in this place as a percentage of experience gained in the entire game.
 F = Experience gained in this place divided by the number of levels of this place that you have seen.
                   A       B       C       D       E      F
               +-------+-------+-------+-------+-------+----------------------
         Total | 100.0 | 100.0 |   N/A |   N/A | 100.0 | 2744.0
       Dungeon | 100.0 | 100.0 |   N/A |   N/A | 100.0 | 2744.0
               +-------+-------+-------+-------+-------+----------------------

Action                     |  1- 3 |  4- 6 |  7- 9 || total
---------------------------+-------+-------+-------++-------
  Melee: Mace              |    10 |       |       ||    10
         Unarmed           |       |    21 |       ||    21
         Giant club        |       |    17 |    33 ||    50
 Invoke: Berserk           |     2 |     1 |     2 ||     5
         Trog's Hand       |       |       |     1 ||     1
    Use: Potion            |       |     1 |       ||     1
         Scroll            |       |       |     1 ||     1
 Armour: Animal skin       |     6 |     4 |    21 ||    31
         Skin              |       |    20 |       ||    20
  Dodge: Dodged            |     1 |    12 |    14 ||    27

Vanquished Creatures
  A centaur warrior (D)
  2 kobold demonologists (D)
  A glass eye (D)
  A slime creature (D)
  Sigmund (D)
  A yak (D)
  An ogre (D)
  A jelly (D)
  Ijyb (D)
10 creatures vanquished.
